 Dungeon Crawl Stone Soup version 0.23-b1-84-g6588a6b (webtiles) character file.

Game seed: 4393428455252160152

15922 bande the Cleaver (level 12, -6/75 HPs)
             Began as a Gargoyle Fighter on Feb 9, 2019.
             Was the Champion of Okawaru.
             Mangled by a reaper
             ... wielding a +0 scythe of slicing
              (36 damage)
             ... in a Gauntlet.
             The game lasted 00:25:44 (13014 turns).

bande the Cleaver (Gargoyle Fighter)               Turns: 13014, Time: 00:25:45

Health: -6/75      AC: 25    Str: 25    XL:     12   Next: 32%
Magic:  16/16      EV:  9    Int:  8    God:    Okawaru [******]
Gold:   567        SH: 12    Dex: 15    Spells: 11/11 levels left

rFire    . . .     SeeInvis .   x - +0 broad axe
rCold    . . .     Gourm    .   c - +0 shield
rNeg     + . .     Faith    .   n - +3 scale mail of Vehumet's Fury {MR+ Str+4 Int-2 Dex+3}
rPois    ∞         Spirit   .   (no helmet)
rElec    +         Reflect  .   (no cloak)
rCorr    .         Harm     .   b - +1 pair of gloves
MR       +....     NoTele   +   u - +2 pair of boots
Stlth    ..........             (no amulet)
HPRegen  0.22/turn              (no ring)
MPRegen  0.15/turn              (no ring)

@: no status effects
A: negative energy resistance 1, electricity resistance, unbreathing,
petrification resistance, rot immunity, AC +8
a: Heroism, Finesse, Renounce Religion


You were in a Gauntlet.
You worshipped Okawaru.
Okawaru was exalted by your worship.
You were hungry.

You visited 3 branches of the dungeon, and saw 13 of its levels.
You also visited: Sewer and Gauntlet.

You collected 702 gold pieces.
You spent 135 gold pieces at shops.

Inventory:

Hand Weapons
 a - a +1 war axe
 x - a +0 broad axe (weapon)
 C - a +0 morningstar
Armour
 b - a +1 pair of gloves (worn)
 c - a +0 shield (worn)
 n - the +3 scale mail of Vehumet's Fury (worn) {MR+ Str+4 Int-2 Dex+3}
   (You found it on level 4 of the Dungeon)

   It affects your strength (+4).
   It affects your intelligence (-2).
   It affects your dexterity (+3).
   It affects your resistance to hostile enchantments.
 u - a +2 pair of boots (worn)
Jewellery
 j - an uncursed amulet of the acrobat
 E - a +3 ring of strength {unknown}
Wands
 e - a wand of iceblast (8)
 p - a wand of paralysis (16)
Scrolls
 g - 2 scrolls of teleportation
 i - 8 scrolls of remove curse
 m - a scroll of fog
 o - 2 scrolls of enchant armour
 s - 6 scrolls of identify
 w - a scroll of blinking
 y - 2 scrolls of enchant weapon
 D - a scroll of silence {unknown}
Potions
 d - 4 potions of might
 h - a potion of berserk rage {unknown}
 k - a potion of brilliance {unknown}
 l - 2 potions of haste
 q - 2 potions of heal wounds
 r - 2 potions of mutation {unknown}
 t - 6 potions of curing {unknown}
 v - 2 potions of agility
 z - a potion of resistance {unknown}
 F - a potion of invisibility {unknown}
 G - a potion of flight
Comestibles
 f - 12 rations


   Skills:
 * Level 8.7 Fighting
 * Level 12.1 Axes
 + Level 1.0(8.7) Maces & Flails
 + Level 6.3 Armour
 - Level 1.6 Dodging
 + Level 8.3 Shields
 * Level 6.0 Invocations
 * Level 6.5 Evocations


You had 11 spell levels left.
You didn't know any spells.
Your spell library contained the following spells:

 Spells                   Type           Power        Failure   Level  Hunger
 Corona                   Hex            #......      92%         1    ##.....
 Freeze                   Ice            #...         92%         1    ##.....
 Summon Butterflies       Summ           #.......     92%         1    ##.....
 Ensorcelled Hibernation  Hex/Ice        #.....       98%         2    ###....
 Throw Frost              Conj/Ice       #.....       98%         2    ###....
 Call Canine Familiar     Summ           #.......     100%        3    ####...
 Confuse                  Hex            #.......     100%        3    ####...
 Dazzling Spray           Conj/Hex       #.....       100%        3    ####...
 Ozocubu's Armour         Chrm/Ice       #.......     100%        3    ####...
 Tukima's Dance           Hex            #.......     100%        3    ####...
 Summon Ice Beast         Ice/Summ       #.......     100%        4    #####..
 Throw Icicle             Conj/Ice       #.......     100%        4    #####..
 Summon Mana Viper        Hex/Summ       #.......     100%        5    ######.
 Summon Hydra             Summ           #.........   100%        7    #######


Dungeon Overview and Level Annotations

Branches:
Dungeon (9/15)             Temple (1/1) D:4            Lair (3/6) D:9
 Shoals (0/4) Lair:3          Orc (0/2) D:9
  Snake: Lair:2-4    Spider: Lair:2-4

Altars:
Ashenzari
Cheibriados
Dithmenos
Elyvilon
Fedhas
Gozag
Hepliaklqana
Kikubaaqudgha
Makhleb
Nemelex Xobeh
Okawaru
Qazlal
Ru
Sif Muna
Trog
Uskayaw
Vehumet
Wu Jian
Xom
Yredelemnul
Zin
The Shining One
Beogh

Shops:
D:6 !%[*:   D:9 (

Annotations:
Lair:1 exclusion: 3 oklob plants Gauntlet 9 transporters


Innate Abilities, Weirdness & Mutations

You are resistant to torment.
Your stone body is resilient. (AC +8)
You are immune to poison.
You resist negative energy. (rN+)
You are resistant to electric shocks. (rElec)
You can survive without breathing.
You are immune to petrification.
You are immune to rotting.


Message History

The reaper is severely wounded.
You hit the reaper.
The reaper is severely wounded.
You block the reaper's attack.
You hit the reaper but do no damage.
The reaper is severely wounded.
The reaper barely misses you.
You hit the reaper.
The reaper is almost dead.
The reaper closely misses you.
Unknown command.
You hit the reaper.
The reaper is almost dead.
You barely miss the reaper.
The reaper is almost dead.
You block the reaper's attack.
You closely miss the reaper.
The reaper is almost dead.
The reaper hits you with a +0 scythe of slicing!!!
You die...

## ### ### ### ###
##≈###≈###≈###≈###≈##
#≈≈≈#≈≈≈#≈≈≈#≈≈≈#≈≈≈####
#≈..................≈≈#
##...#########..P.P..≈#
##≈.♣.#.......#.♣......####
#≈≈.P.#[..^##.#......P..≈≈#
##≈...#..^.##.###.♣P♣P♣..≈#
##.P.#©###©@.#©#.........###
##≈.♣.#)###..2#.#########..≈≈
#≈≈...#?###.#.#.#.....#.#...≈
##≈...#2......#.#.###.#.#....
##...#########.#...###.###..
##≈.♣.........#©#©..©÷..#©#.♣ # #
#≈≈...#########.#...###.#.#..
#...##≈...#...#424#.#.###.#.#.#..
#.♣. ##.P.#!#.#.#.#.#.....#.#.#..


You could see a reaper and 2 orange demons.

Vanquished Creatures
  A hydra (Lair:2)
  A moth of wrath (Gauntlet)
  Joseph (D:8)
  3 spiny frogs
  A torpor snail (Lair:2)
  3 komodo dragons
  A hornet (Lair:1)
  A troll (D:8)
  2 dream sheep (Lair:2)
  12 blink frogs
  2 hippogriffs (D:8)
  7 yaks
  A human (D:8)
  A neqoxec (Gauntlet)
  A hungry ghost (D:8)
  2 chaos spawn (Gauntlet)
  Duvessa (D:5)
  2 porcupines
  5 water moccasins
  5 orc warriors
  A sky beast (D:8)
  A black bear (D:9)
  3 ice beasts
  A phantom (D:8)
  7 wolves
  4 centaurs
  3 crocodiles (Lair:2)
  7 big kobolds
  6 bullfrogs
  Dowan (D:5)
  2 scorpions
  13 killer bees
  10 wights (D:9)
  4 electric eels
  2 vampire bats (D:4)
  6 howler monkeys
  2 bullfrog zombies
  A centaur zombie (D:9)
  7 crimson imps
  2 quasits (D:8)
  5 hounds
  15 orc priests
  3 jellies
  12 orc wizards
  A bullfrog skeleton (D:7)
  5 iguanas
  2 worker ants
  A hound zombie (D:8)
  8 gnolls
  9 adders
  2 river rats (Sewer)
  4 shadow imps
  6 oozes
  4 adder skeletons
  6 worms
  3 dart slugs
  6 leopard geckos
  71 orcs
  5 ball pythons
  2 bat skeletons (D:4)
  4 bat zombies (D:4)
  5 giant cockroaches
  7 goblins
  A hobgoblin (D:1)
  4 jackals
  20 kobolds
  6 quokkas
  5 bats
  6 frilled lizards
  A leopard gecko skeleton (D:6)
  11 rats
376 creatures vanquished.

Vanquished Creatures (collateral kills)
  A polar bear (Lair:3)
  A water moccasin (Lair:3)
2 creatures vanquished.

Vanquished Creatures (others)
  A demonic plant (Gauntlet)
  2 fungi (Lair:2)
  2 plants
5 creatures vanquished.

Grand Total: 383 creatures vanquished

Notes
Turn   | Place    | Note
-------+----------+-------------------------------------------
     0 | D:1      | bande the Gargoyle Fighter began the quest for the Orb.
     0 | D:1      | Reached XP level 1. HP: 14/14 MP: 1/1
   353 | D:1      | Reached XP level 2. HP: 15/19 MP: 2/2
   775 | D:2      | Reached XP level 3. HP: 23/24 MP: 3/3
   790 | D:2      | Reached skill level 2 in Axes
  1147 | D:2      | You fall through a shaft for 2 floors!
  1272 | D:4      | Reached XP level 4. HP: 20/29 MP: 4/4
  1412 | D:4      | Reached skill level 3 in Axes
  1412 | D:4      | Reached XP level 5. HP: 33/33 MP: 5/5
  1449 | D:4      | Found a staircase to the Ecumenical Temple.
  1460 | Temple   | Entered the Ecumenical Temple
  1566 | D:3      | Found a blossoming altar of Fedhas.
  2213 | D:3      | Found a basalt altar of Yredelemnul.
  2284 | D:3      | Found a sacrificial altar of Ru.
  2347 | D:4      | Reached skill level 1 in Evocations
  2376 | D:4      | Reached XP level 6. HP: 35/39 MP: 6/6
  2432 | D:4      | Got an encrusted scale mail
  2438 | D:4      | Found an ancient bone altar of Kikubaaqudgha.
  2451 | D:4      | Reached skill level 4 in Axes
  2529 | D:4      | Identified the +3 scale mail of Vehumet's Fury {MR+ Str+4
                  | Int-2 Dex+3} (You found it on level 4 of the Dungeon)
  2658 | D:4      | Found a shimmering altar of Xom.
  2658 | D:4      | Found a burning altar of Makhleb.
  2757 | D:4      | Reached XP level 7. HP: 44/44 MP: 8/8
  2897 | D:5      | Entered Level 5 of the Dungeon
  3057 | D:5      | Reached skill level 5 in Fighting
  3096 | D:5      | Reached skill level 5 in Axes
  3142 | D:5      | Reached skill level 1 in Dodging
  3197 | D:5      | HP: 2/44 [something/magic dart (7)]
  3199 | D:5      | Reached XP level 8. HP: 3/49 MP: 10/10
  3723 | D:5      | Found an iron altar of Okawaru.
  3727 | D:5      | Became a worshipper of Warmaster Okawaru
  3804 | D:6      | Noticed Duvessa
  3804 | D:6      | Noticed Dowan
  3823 | D:5      | Killed Dowan
  3823 | D:5      | Reached skill level 5 in Shields
  3829 | D:5      | Killed Duvessa
  3829 | D:5      | Reached skill level 6 in Axes
  4067 | D:6      | Found Sigru's Food Shoppe.
  4083 | D:6      | Found a shattered altar of Ashenzari.
  4118 | D:6      | Found a stormy altar of Qazlal.
  4137 | D:6      | Found Atopan's Distillery.
  4141 | D:6      | Found a glowing drain.
  4175 | Sewer    | Entered a sewer
  4302 | Sewer    | Reached * piety under Okawaru
  4320 | Sewer    | Reached skill level 7 in Axes
  4418 | Sewer    | Reached XP level 9. HP: 55/55 MP: 11/11
  4714 | D:6      | Bought a potion of heal wounds for 75 gold pieces
  4714 | D:6      | Bought a potion of might for 60 gold pieces
  4741 | D:6      | Found Xoinuvo's Assorted Antiques.
  4806 | D:6      | Reached skill level 1 in Invocations
  5048 | D:6      | Found Duasemen's Book Emporium.
  5185 | D:6      | Found an ornate altar of the Wu Jian Council.
  5252 | D:6      | Found a bloodstained altar of Trog.
  5293 | D:6      | Found Fiuckerr's Armour Emporium.
  5502 | D:6      | Reached ** piety under Okawaru
  5726 | D:7      | Reached skill level 8 in Axes
  5750 | D:7      | Found a glowing golden altar of the Shining One.
  6083 | D:7      | Found a hazy altar of Hepliaklqana.
  6652 | D:8      | Reached XP level 10. HP: 31/61 MP: 13/13
  6652 | D:8      | Reached skill level 9 in Axes
  6655 | D:8      | Reached *** piety under Okawaru
  7150 | D:8      | Noticed Joseph
  7165 | D:8      | Killed Joseph
  7221 | D:8      | Reached **** piety under Okawaru
  7227 | D:8      | Reached skill level 5 in Evocations
  7468 | D:8      | Found a shadowy altar of Dithmenos.
  7779 | D:9      | Found a staircase to the Lair.
  7821 | D:8      | Reached skill level 10 in Axes
  7911 | D:8      | Reached skill level 5 in Armour
  7989 | D:9      | Received a gift from Okawaru
  8868 | D:9      | Found a roughly hewn altar of Beogh.
  8872 | D:9      | Found a staircase to the Orcish Mines.
  8900 | D:9      | Found a glowing silver altar of Zin.
  8925 | D:9      | Reached XP level 11. HP: 58/67 MP: 15/15
  9044 | D:9      | Found Qesint's Antique Weapon Boutique.
  9104 | D:9      | Reached ***** piety under Okawaru
  9332 | Lair:1   | Entered Level 1 of the Lair of Beasts
  9870 | Lair:1   | Noticed an oklob plant
  9870 | Lair:1   | Noticed an oklob plant
  9870 | Lair:1   | Noticed an oklob plant
 10231 | Lair:1   | Reached skill level 11 in Axes
 10787 | Lair:2   | Noticed an eight-headed hydra
 10807 | Lair:2   | Killed an eight-headed hydra
 10807 | Lair:2   | Reached skill level 5 in Invocations
 10835 | Lair:2   | HP: 3/68 [blink frog (2)]
 11157 | Lair:2   | Received a gift from Okawaru
 11157 | Lair:2   | Reached skill level 1 in Maces & Flails
 11518 | Lair:2   | Reached XP level 12. HP: 71/74 MP: 16/16
 11693 | Lair:2   | Reached ****** piety under Okawaru
 12109 | Lair:3   | Found a gate leading to a gauntlet.
 12115 | Lair:3   | Reached skill level 12 in Axes
 12118 | Gauntlet | Entered a Gauntlet
 12118 | Gauntlet | Found a transporter.
 12125 | Gauntlet | Found a transporter.
 12126 | Gauntlet | Found a transporter.
 12127 | Gauntlet | Noticed a death scarab
 12137 | Gauntlet | Found a transporter.
 12139 | Gauntlet | Found a transporter.
 12148 | Gauntlet | Found a transporter.
 12148 | Gauntlet | Noticed a hell beast
 12164 | Gauntlet | Found a transporter.
 12171 | Gauntlet | Noticed a green death
 12174 | Gauntlet | Found a transporter.
 12184 | Gauntlet | Found a transporter.
 12186 | Gauntlet | Noticed a reaper
 12198 | Gauntlet | Found a transporter.
 12213 | Gauntlet | Found a transporter.
 12213 | Gauntlet | Found a transporter.
 12266 | Gauntlet | Found a transporter.
 12280 | Gauntlet | Found a transporter.
 13014 | Gauntlet | Mangled by a reaper

Skill      XL: |  1  2  3  4  5  6  7  8  9 10 11 12 |
---------------+-------------------------------------+-----
Axes           | 2 3 4 5 7 8 10 11 12 | 12.1
Fighting       | 4 5 6 7 8 |  8.7
Shields        | 4 5 6 7 8 |  8.3
Evocations     | 1 3 4 5 6 |  6.5
Dodging        | 1 |  1.6
Armour         | 4 5 6 |  6.3
Invocations    | 2 4 5 6 |  6.0
Maces & Flails | 1 |  1.0

Action                   |  1- 3 |  4- 6 |  7- 9 | 10-12 || total
-------------------------+-------+-------+-------+-------++-------
Melee: War axe           |    86 |   180 |   428 |       ||   694
       Broad axe         |       |       |   127 |   619 ||   746
       Morningstar       |       |       |       |    11 ||    11
Invok: Heroism           |       |       |       |     3 ||     3
  Use: Potion            |     1 |     3 |     1 |     3 ||     8
       Scroll            |       |     2 |     8 |     5 ||    15
  Eat: Chunk             |     1 |     5 |    15 |    16 ||    37
       Ration            |       |       |       |     3 ||     3
Armor: Scale mail        |    39 |    23 |   358 |   443 ||   863
       Plate armour      |       |   102 |       |       ||   102
       Chain mail        |       |    19 |       |       ||    19
Dodge: Dodged            |    19 |    50 |   212 |   325 ||   606
Block: Shield            |    46 |   123 |   372 |   541 ||  1082
